 Dungeon Crawl Stone Soup version 0.31-a0-640-g39d97e502b (webtiles) character file.

Game seed: 4547549070105496257

21 GordonOverkill the Sneak (level 2, 0/16 HPs)
             Began as a Vine Stalker Delver on Aug 28, 2023.
             Succumbed to an adder's poison
             ... on level 2 of the Dungeon.
             The game lasted 00:01:44 (550 turns).

GordonOverkill the Sneak (Vine Stalker Delver)       Turns: 550, Time: 00:01:44

Health: 0/16       AC:  3    Str: 14    XL:     2   Next: 83%
Magic:  0/3        EV: 11    Int: 10    God:
Gold:   32         SH:  0    Dex: 15    Spells: 1/1 levels left

rFire   . .          .
                       - Unarmed
rCold   . . .        (no shield)
rNeg    + . .        a - +0 leather armour
rPois   .            (no helmet)
rElec   .            (no cloak)
rCorr   .            (no gloves)
SInv    .            (no boots)
Will    .....        (no amulet)
Stlth   +++          h - ring of positive energy
HPRegen 0.22/turn    (no ring)
MPRegen 0.08/turn

%: guardian spirit
@: lethally poisoned (0 -> -6)
A: fangs 2, magic shield, antimagic bite, no potion heal 2
a: no special abilities


You were on level 2 of the Dungeon.
You visited 1 branch of the dungeon, and saw 5 of its levels.

You collected 32 gold pieces.

Inventory:

Armour
 a - a +0 leather armour (worn)
Jewellery
 h - a ring of positive energy (left hand)
Wands
 f - a wand of digging (3)
Scrolls
 b - a scroll of fog
 c - 2 scrolls of revelation
 d - a scroll of fear
 i - a scroll of teleportation {unknown}
 j - a scroll of vulnerability {unknown}
Potions
 e - a potion of haste
 g - a potion of lignification {unknown}


   Skills:
 + Level 3.2 Fighting
 - Level 1.5 Dodging
 - Level 6.0 Stealth
 + Level 2.7 Unarmed Combat


You had one spell level left.
You didn't know any spells.
Your spell library was empty.

Dungeon Overview and Level Annotations

Branches:
Dungeon (6/15)
 Temple: D:4-7

Altars:
Qazlal
Vehumet


Innate Abilities, Weirdness & Mutations

You have extremely sharp teeth.
When hurt, damage is shared between your health and your magic reserves.
Your bite disrupts and absorbs the magic of your enemies.
Potions cannot restore your health.


Message History

An adder is nearby!
An adder is nearby!
An adder is nearby!
The helpless adder fails to defend itself.
You hit the adder. Your punch misses the adder. Your bite misses the adder.
The adder is lightly wounded.
The adder misses you. The adder bites you.
You barely miss the adder. The adder bites you.
You are poisoned.
The adder poisons you!
You are too injured to fight recklessly!
You hit the adder but do no damage. Your bite misses the adder.
You feel sick. The adder bites you.
* * * LOW HITPOINT WARNING * * *
You hit the adder.
The adder is moderately wounded.
You feel sick. The adder bites you but does no damage.
You miss the adder. You bite the adder. You drain its power.
You feel invigorated.
The adder is heavily wounded.
You feel sick. The adder misses you. x2
You hit the adder.
The adder is severely wounded.
You feel sick.
You are no longer poisoned.
A bat comes into view.
The adder bites you.
* * * LOW HITPOINT WARNING * * *
You hit the adder but do no damage.
The adder is severely wounded.
The adder misses you.
You closely miss the adder.
The adder is severely wounded.
The adder bites you. x2
* * * LOW HITPOINT WARNING * * *
You are lethally poisoned!
The adder poisons you!
You hit the adder.
You kill the adder!
You die...

#.#######..#.###.#
.............# #.#
#.#######..#.###.#
#.# #.....##....#
#_# #.##..##.##.#
#.# #.##..##.##..
#b# #.##..##.##.#
#†# #.##..##.##.#
#@####.##........#
#.........###.####
######.#####......
#.# #..####
#.#####..####
#............
#######..####
........#
#######.#


You could see a bat.

Vanquished Creatures
  An adder (D:2)
  2 dart slugs (D:3)
  3 endoplasms
  A giant cockroach (D:3)
  2 goblins
  A hobgoblin (D:2)
  A ball python (D:3)
  3 bats
  2 kobolds
  A rat (D:3)
17 creatures vanquished.

Notes
Turn   | Place    | Note
-------+----------+-------------------------------------------
     0 | D:5      | GordonOverkill the Vine Stalker Delver began the quest for
                  | the Orb.
     0 | D:5      | Reached XP level 1. HP: 11/11 MP: 2/2
    46 | D:5      | Noticed a scorpion
   231 | D:3      | Found a radiant altar of Vehumet.
   262 | D:3      | Reached XP level 2. HP: 16/16 MP: 1/3
   403 | D:2      | Found a stormy altar of Qazlal.
   540 | D:2      | Found a faded altar of an unknown god.
   550 | D:2      | Succumbed to an adder's poison

Illustrated notes

Levels and vault maps discovered:
D:2:      layout_loops_ring, basic_ecumenical_altar, basic_altar, minmay_cupped
D:3:      layout_basic, mainiacjoe_overflow_brackets
D:4:      layout_layer_cave, marbit_many_paths, tso_oasis_becter,
          serial_bayou_ford_a, serial_park_tiny_pond, minmay_snake_closets
D:5:      layout_loops_cross, corner_web_ring, kennysheep_generic_room_10
D:6:      layout_rooms, dancing_weapons_uskayaw, overflow_temple_1_default,
          minmay_temple_entry_glassed_door

Skill      XL: |  1 |
---------------+----+-----
Fighting       | 3 |  3.2
Dodging        | |  1.5
Stealth        | |  6.0
Unarmed Combat | |  2.7

Action                     || total
---------------------------++-------
  Melee: Unarmed           ||    73
         Bite              ||    20
         Punch             ||     1
   Stab: Sleeping          ||     7
 Armour: Leather armour    ||    25
  Dodge: Dodged            ||    36

Table legend: (Time is in decaauts)
 A = Elapsed time spent in this place.
 B = Non-inter-level travel time spent in this place.
 C = Inter-level travel time spent in this place.
 D = Time resting spent in this place.
 E = Time spent auto-exploring this place.
 F = Levels seen in this place.
 G = Mean time per level.
                   A        B        C        D        E       F      G
               +--------+--------+--------+--------+--------+-----+--------+
         Total |    546 |    522 |     24 |      6 |    260 |   5 |  109.2 |
       Dungeon |    546 |    522 |     24 |      6 |    260 |   5 |  109.2 |
               +--------+--------+--------+--------+--------+-----+--------+

Top non-repeatable levels by time:
     D:3: 297 daAuts
     D:2: 170 daAuts
     D:5: 32 daAuts
     D:6: 27 daAuts
     D:4: 17 daAuts
